 Dungeon Crawl Stone Soup version 0.18.1-48-g4cf74bf (webtiles) character file.

124 Peloso the Shield-Bearer (level 4, -5/41 HPs)
             Began as a Minotaur Fighter on Aug 9, 2016.
             Killed by divine providence
             ... invoked by an orc priest
              (14 damage)
             ... on level 4 of the Dungeon.
             The game lasted 00:04:09 (2260 turns).

Peloso the Shield-Bearer (Minotaur Fighter)         Turns: 2260, Time: 00:04:10

Health: -5/41      AC:  9    Str: 20    XL:     4   Next: 81%
Magic:  3/3        EV:  6    Int:  5    God:
Gold:   214        SH:  9    Dex: 11    Spells: 0 memorised, 3 levels left

rFire  . . .     SeeInvis .     a - +0 long sword
rCold  . . .     Gourm    .     z - +0 chain mail
rNeg   . . .     Faith    .     c - +0 shield
rPois  .         Spirit   .     (helmet restricted)
rElec  .         Dismiss  .     (no cloak)
rCorr  .         Reflect  .     (no gloves)
SustAt .         Harm     .     (no boots)
MR     .....                    (no amulet)
Stlth  ..........               (no ring)
                                (no ring)

@: not resistant to hostile enchantments, extremely unstealthy
A: retaliatory headbutt, horns 2
a: no special abilities


You were on level 4 of the Dungeon.
You were not hungry.

You visited 1 branch of the dungeon, and saw 4 of its levels.

You collected 214 gold pieces.

Inventory:

Hand Weapons
 a - a +0 long sword (weapon)
 x - a +3 rapier
Armour
 b - a +0 scale mail
 c - a +0 shield (worn)
 z - a +0 chain mail (worn)
Jewellery
 h - an uncursed ring of poison resistance {unknown}
Scrolls
 j - a scroll of recharging {unknown}
 l - a scroll of fog {unknown}
 r - a scroll of noise {unknown}
 s - 4 scrolls of enchant armour {unknown}
 t - 2 scrolls of identify {unknown}
 u - a scroll of enchant weapon {unknown}
 v - a scroll of immolation {unknown}
 y - a scroll of amnesia {unknown}
Potions
 d - 2 potions of might
 e - a potion of flight {unknown}
 g - a potion of cure mutation {unknown}
 i - a potion of resistance {unknown}
 k - 2 potions of lignification {unknown}
 m - a potion of brilliance {unknown}
 n - 2 potions of haste {unknown}
 o - 6 potions of curing {unknown}
 w - 2 potions of heal wounds {unknown}
 A - a potion of mutation {unknown}
Comestibles
 f - 3 bread rations
 p - a meat ration
 q - a royal jelly


   Skills:
 + Level 4.5 Fighting
 + Level 3.2 Long Blades
 + Level 4.4 Armour
 + Level 1.2 Dodging
 + Level 0.1 Stealth
 + Level 4.7 Shields


You had 3 spell levels left.
You didn't know any spells.

Dungeon Overview and Level Annotations

Branches:
Dungeon (4/15)
 Temple: D:4-7

Altars:
Fedhas
Qazlal
Vehumet
Yredelemnul
Zin

Shops:
D:2 *


Innate Abilities, Weirdness & Mutations

You reflexively headbutt those who attack you in melee.
You have a pair of horns on your head.


Message History

You feel sick.
The orc priest calls down the wrath of Beogh upon you.
Beogh smites you!
* * * LOW HITPOINT WARNING * * *
An orc comes into view. It is wielding a dagger.
The orc shouts!
You feel sick.
You are no longer poisoned.
An orc comes into view. It is wielding a club.
The orc shouts!
You block the orc priest's attack.
You hit the orc priest. You headbutt the orc priest.
The orc priest is heavily wounded.
You block the orc priest's attack. The orc hits you but does no damage.
Unknown command.
You hit the orc priest. Your headbutt misses the orc priest.
The orc priest is severely wounded.
The orc priest invokes the aid of Beogh against you.
Beogh smites you!
You die...

#..................÷...........
#..............................
####...........................
#..........(................
#...........................
#.......................†...
#...^.......................
#.......[......(............
#..........@................
#.........oo.......)........
#...........................
#...........................
#......o.#..$....P..(.......
#.....o.≈≈#.≈.PPPPP.........
#?......^._....._PP.........
#........≈.≈^..PPPP........<
...o...... ...PPP..........


You could see an orc priest and 3 orcs.

Vanquished Creatures
  5 adders
  An ooze (D:3)
  A worm (D:2)
  4 dart slugs
  A giant gecko (D:4)
  3 giant cockroaches
  2 gnoll zombies (D:3)
  4 goblins
  9 hobgoblins
  7 jackals
  2 ball pythons
  8 bats
  4 giant newts
  8 kobolds
  3 rats
62 creatures vanquished.

Notes
Turn   | Place    | Note
--------------------------------------------------------------
     0 | D:1      | Peloso the Minotaur Fighter began the quest for the Orb.
     0 | D:1      | Reached XP level 1. HP: 19/19 MP: 0/0
    75 | D:1      | Reached XP level 2. HP: 25/27 MP: 1/1
   564 | D:1      | Reached XP level 3. HP: 29/33 MP: 2/2
   740 | D:2      | Found Zin's Purification Station.
   743 | D:2      | Found a glowing silver altar of Zin.
   776 | D:2      | Found a radiant altar of Vehumet.
  1093 | D:2      | Reached XP level 4. HP: 41/41 MP: 3/3
  1114 | D:2      | You fall through a shaft!
  1185 | D:3      | Found a basalt altar of Yredelemnul.
  1225 | D:3      | Found a faded altar to an unknown god.
  2126 | D:4      | Found a blossoming altar of Fedhas.
  2145 | D:4      | Reached skill level 1 in Dodging
  2245 | D:4      | Found a stormy altar of Qazlal.
  2260 | D:4      | Killed from afar by an orc priest

Skill      XL: |  1  2  3  4 |
---------------+-------------+-----
Fighting       | 4 |  4.5
Shields        | 4 |  4.7
Armour         | 4 |  4.4
Long Blades    | 3 |  3.2
Dodging        | 1 |  1.2
Stealth        | |  0.1

Action                   |  1- 3 |  4- 6 || total
-------------------------+-------+-------++-------
Melee: Long sword        |    88 |    52 ||   140
       Headbutt          |    17 |     8 ||    25
  Eat: Chunk             |     1 |     2 ||     3
       Fruit             |       |     2 ||     2
Armor: Scale mail        |    48 |    16 ||    64
       Chain mail        |       |     3 ||     3
Dodge: Dodged            |    23 |    16 ||    39
Block: Shield            |    53 |    30 ||    83
